 Dungeon Crawl Stone Soup version 0.28-a0-268-g3f656e82c2 (webtiles) character file.

Game seed: 15500555207344242689

5742 Ijustatesigmund the Fighter (level 10, 0/66 HPs)
             Began as a Gargoyle Fighter on Aug 28, 2021.
             Was a Follower of Cheibriados.
             Slain by a cane toad (17 damage)
             ... on level 1 of the Lair of Beasts.
             The game lasted 00:17:15 (10337 turns).

Ijustatesigmund the Fighter (Gargoyle Fighter)     Turns: 10337, Time: 00:17:16

Health: 0/66       AC: 21    Str: 21    XL:     10   Next: 77%
Magic:  11/14      EV:  7    Int: 13    God:    Cheibriados [*.....]
Gold:   236        SH: 10    Dex: 16    Spells: 7/9 levels left

rFire   + . .      SeeInvis .   a - +4 flail
rCold   . . .      Faith    .   c - +0 kite shield
rNeg    + . .      Spirit   .   b - +1 chain mail {rF+}
rPois   ∞          Reflect  .   (no helmet)
rElec   +          Harm     .   n - +0 cloak
rCorr   +          Rampage  .   p - +1 pair of gloves {Dex+3}
Will    .....                   (no boots)
Stlth   ..........              (no amulet)
HPRegen 0.21/turn               e - ring of resist corrosion
MPRegen 0.14/turn               (no ring)

@: very slow
A: sickness immunity, AC +7, negative energy resistance 1, electricity
resistance, torment resistance 1, petrification resistance
a: Renounce Religion, Bend Time


You were on level 1 of the Lair of Beasts.
You worshipped Cheibriados.
Cheibriados was aware of your devotion.
You visited 3 branches of the dungeon, and saw 10 of its levels.

You collected 314 gold pieces.
You spent 78 gold pieces at shops.

Inventory:

Hand Weapons
 a - a +4 flail (weapon)
 r - the +5 whip "Tormentor" {freeze, rElec Int+3}
   (You found it on level 8 of the Dungeon)

   It freezes those it strikes, dealing additional cold damage.
   It can also slow down cold-blooded creatures.
   Int:       It affects your intelligence (+3).
   rElec:     It insulates you from electricity.
Missiles
 d - 2 throwing nets (quivered)
Armour
 b - a +1 chain mail of fire resistance (worn)
 c - a +0 kite shield (worn)
 n - a +0 cloak (worn)
 p - a +1 pair of gloves of dexterity (worn)
Jewellery
 e - a ring of resist corrosion (left hand)
 j - a ring of ice
Wands
 k - a wand of flame (21)
 l - a wand of digging (6)
 m - a wand of paralysis (1)
Scrolls
 h - 2 scrolls of fog
 q - a scroll of magic mapping
 s - a scroll of identify
 u - a scroll of amnesia
 v - a scroll of enchant weapon
Potions
 i - 2 potions of flight
 o - a potion of brilliance
 w - 2 potions of attraction


   Skills:
 + Level 9.2 Fighting
 + Level 8.7 Maces & Flails
 - Level 5.5 Armour
 - Level 2.5 Dodging
 - Level 4.9 Shields
 + Level 0.2 Translocations
 + Level 5.3 Invocations
 - Level 6.5 Evocations


You had 7 spell levels left.
You knew the following spells:

 Your Spells              Type           Power      Damage    Failure   Level
a - Blink                 Tloc           N/A        N/A       100%        2

Your spell library contained the following spells:

 Spells                   Type           Power      Damage    Failure   Level
 Frozen Ramparts          Ice            0%         1d2       100%        3
 Stone Arrow              Conj/Erth      0%         3d7       100%        3
 Animate Armour           Summ/Erth      0%         N/A       100%        4
 Ice Form                 Ice/Tmut       0%         N/A       100%        4
 Summon Ice Beast         Ice/Summ       0%         N/A       100%        4
 Blade Hands              Tmut           0%         N/A       100%        5
 Bolt of Magma            Conj/Fire/Erth 0%         4d4       100%        5
 Manifold Assault         Tloc           0%         N/A       100%        5
 Iron Shot                Conj/Erth      0%         9d1       100%        6
 Storm Form               Tmut/Air       0%         N/A       100%        7
 Shatter                  Erth           0%         3d5*      100%        9


Dungeon Overview and Level Annotations

Branches:
Dungeon (8/15)             Temple (1/1) D:6            Lair (1/6) D:8

Altars:
Ashenzari
Cheibriados
Dithmenos
Elyvilon
Fedhas
Gozag
Hepliaklqana
Kikubaaqudgha
Nemelex Xobeh
Okawaru
Qazlal
Ru
Sif Muna
Trog
Uskayaw
Vehumet
Xom
Yredelemnul
Zin
The Shining One

Shops:
D:6 [?(

Annotations:
D:4 3 runed translucent doors, dirbulshil's ghost, amateur OpDe


Innate Abilities, Weirdness & Mutations

You are immune to sickness and miasma.
Your stone body is resilient. (AC +7)
You are immune to poison.
You resist negative energy. (rN+)
You are resistant to electric shocks. (rElec)
You are resistant to unholy torment.
You are immune to petrification.


Message History

The centaur warrior shoots an arrow.
You block the arrow. You block the tengu warrior's attack.
The tengu warrior pecks you but does no damage.
The tengu warrior claws you but does no damage.
Blink to where?
Press: ? - help, Dir - move target
As you read the scroll of blinking, it crumbles to dust.
You climb downwards.
Welcome to the Lair of Beasts!
You feel an oppressive heat about you.
There is an entrance to a volcano on this level.
Hurry and find it before the entrance collapses!
You feel a wave of frost pass over you.
There is an entrance to an ice cave on this level.
Hurry and find it before the portal melts!
The cane toad gives a loud, deep croak!
There is a staircase back to the Dungeon here.
You completely miss the cane toad. You block the cane toad's attack.
You hit the cane toad but do no damage. You block the cane toad's attack. x2
You sock the cane toad!
The cane toad is moderately wounded.
You block the cane toad's attack.
You completely miss the cane toad.
The cane toad is moderately wounded.
The cane toad stings you. You block the cane toad's attack.
You hit the cane toad.
The cane toad is moderately wounded.
The cane toad stings you.
You barely miss the cane toad.
The cane toad is moderately wounded.
You block the cane toad's attack. The cane toad stings you!
* * * LOW HITPOINT WARNING * * *
You hit the cane toad.
The cane toad is heavily wounded.
The cane toad stings you but does no damage.
You feel better. You block the cane toad's attack.
The flow of time bends around you.
Cheibriados rebukes the cane toad.
The cane toad seems to slow down.
You block the cane toad's attack.
You closely miss the cane toad.
The cane toad is heavily wounded.
The cane toad stings you!
You die...

### ####.
#@#......
#F....#
#......###.+
#.F.##..#
#..# #### ..


You could see a cane toad (slow).

Vanquished Creatures
  Harold (D:8)
  A centaur warrior (D:8)
  A two-headed ogre (D:5)
  A manticore (D:7)
  A yak (D:8)
  2 steam dragons
  2 water moccasins
  Duvessa (D:5)
  An orc warrior (D:8)
  An ice beast (D:6)
  A sky beast (D:5)
  A black bear (D:4)
  2 ogres (D:5)
  2 centaurs
  4 phantoms
  A kobold brigand (D:8)
  2 bullfrogs
  2 scorpions
  A water moccasin zombie (D:5)
  Dowan (D:5)
  9 wights
  A bullfrog zombie (D:6)
  A centaur zombie (D:8)
  4 hounds
  2 jellies
  2 orc priests
  3 centaur skeletons
  8 iguanas
  Terence (D:2)
  3 orc wizards
  A hound skeleton (D:4)
  A howler monkey zombie (D:6)
  5 gnolls
  8 adders
  A shadow imp (D:8)
  A white imp (D:6)
  A dart slug (D:3)
  20 orcs
  5 bats
  3 bat zombies (D:4)
  3 endoplasms
  4 giant cockroaches
  15 goblins
  6 hobgoblins
  2 quokkas
  4 ball pythons
  2 frilled lizards (D:2)
  6 kobolds
  9 rats
  A rat zombie (D:4)
  A spectral orc (D:7)
162 creatures vanquished.

Vanquished Creatures (others)
  5 plants
5 creatures vanquished.

Grand Total: 167 creatures vanquished

Notes
Turn   | Place    | Note
-------+----------+-------------------------------------------
     0 | D:1      | Ijustatesigmund the Gargoyle Fighter began the quest for
                  | the Orb.
     0 | D:1      | Reached XP level 1. HP: 14/14 MP: 1/1
   108 | D:1      | Found a faded altar of an unknown god.
   163 | D:1      | Reached XP level 2. HP: 13/19 MP: 2/2
   576 | D:1      | Reached XP level 3. HP: 17/24 MP: 3/3
  1196 | D:2      | Noticed Terence
  1212 | D:2      | Killed Terence
  1213 | D:2      | Reached skill level 4 in Fighting
  1213 | D:2      | Reached XP level 4. HP: 7/29 MP: 4/4
  2928 | D:3      | Reached XP level 5. HP: 33/34 MP: 5/5
  3309 | D:4      | Found an iron altar of Okawaru.
  3310 | D:4      | Noticed a black bear
  3519 | D:4      | Killed a black bear
  3520 | D:4      | Reached skill level 5 in Fighting
  3520 | D:4      | Reached XP level 6. HP: 19/40 MP: 6/6
  3778 | D:4      | Reached skill level 5 in Maces & Flails
  4210 | D:4      | Reached XP level 7. HP: 44/44 MP: 7/7
  4294 | D:4      | Found a runed translucent gate.
  4294 | D:4      | Found a runed translucent gate.
  4296 | D:4      | Found a runed translucent gate.
  4299 | D:4      | Noticed dirbulshil's ghost (amateur OpDe)
  4594 | D:4      | Reached skill level 5 in Armour
  4965 | D:4      | Reached skill level 6 in Fighting
  5182 | D:4      | Found an ancient bone altar of Kikubaaqudgha.
  5327 | D:5      | Entered Level 5 of the Dungeon
  5327 | D:5      | Noticed a two-headed ogre
  5511 | D:5      | Reached skill level 1 in Evocations
  5511 | D:5      | Reached XP level 8. HP: 50/52 MP: 8/8
  6015 | D:5      | Killed a two-headed ogre
  6016 | D:5      | Reached XP level 9. HP: 56/56 MP: 9/9
  6193 | D:5      | Noticed Duvessa
  6193 | D:5      | Noticed Dowan
  6206 | D:5      | Killed Duvessa
  6210 | D:5      | Killed Dowan
  6211 | D:5      | Reached skill level 1 in Dodging
  6704 | D:6      | Found a shimmering altar of Xom.
  6704 | D:6      | Found a shadowy altar of Dithmenos.
  6724 | D:6      | Found Buca's Weapon Shoppe.
  6784 | D:6      | Reached skill level 7 in Fighting
  6941 | D:6      | Found a staircase to the Ecumenical Temple.
  7023 | D:6      | Found Uduoheso's Magic Scroll Emporium.
  7039 | D:6      | Bought a scroll of identify for 26 gold pieces
  7039 | D:6      | Bought a scroll of identify for 26 gold pieces
  7039 | D:6      | Bought a scroll of identify for 26 gold pieces
  7376 | D:6      | Found Noamairuna's Armour Shop.
  7479 | Temple   | Entered the Ecumenical Temple
  7718 | Temple   | Became a worshipper of Cheibriados the Contemplative
  8012 | D:7      | Noticed a manticore
  8021 | D:7      | Reached skill level 1 in Invocations
  8112 | D:7      | Killed a manticore
  8113 | D:7      | Reached XP level 10. HP: 16/64 MP: 9/11
  8538 | D:7      | Reached skill level 8 in Fighting
  8707 | D:7      | Found a radiant altar of Vehumet.
  8829 | D:7      | Found a basalt altar of Yredelemnul.
  8917 | D:8      | Found a staircase to the Lair.
  8920 | D:8      | Identified the +5 whip "Tormentor" {freeze, rElec Int+3}
  8930 | D:8      | Noticed Harold
  9000 | D:8      | Killed Harold
  9446 | D:8      | Reached * piety under Cheibriados
  9839 | D:8      | Noticed a centaur warrior
  9859 | D:8      | Killed a centaur warrior
  9860 | D:8      | Reached skill level 9 in Fighting
  9860 | D:8      | Reached skill level 5 in Invocations
 10100 | D:8      | Learned a level 2 spell: Blink
 10315 | D:8      | Noticed a centaur warrior
 10315 | D:8      | Noticed a cyclops
 10315 | D:8      | Noticed a tengu warrior
 10324 | Lair:1   | Entered Level 1 of the Lair of Beasts
 10324 | Lair:1   | Noticed a cane toad
 10337 | Lair:1   | Slain by a cane toad

Illustrated notes

Levels and vault maps discovered:
D:1:      mainiacjoe_arrival_reflecting_pool, layout_basic,
          shapermc_ecumenical_altar_venn, st_stairs_11, minmay_misc_feat_roman
D:2:      layout_loops_corners, dk_noncrumbling_2, uniq_terence
D:3:      layout_rooms
D:4:      layout_basic, lemuel_zombie_altar_kikubaaqudgha,
          overflow_temple_1_default, ebering_ghost_rock_garden, minivault_23,
          hangedman_decor_diamond_cutter, serial_bayou_pond_b, minmay_mini_jars
D:5:      layout_cave_pools, uniq_duvessa
D:6:      layout_rooms, gammafunk_temple_overflow_elements,
          minmay_temple_entry_glass, serial_shops, nicolae_shop_statue_plus,
          kennysheep_little_box, shop
D:7:      layout_loops_cross, yredelemnul_forgotten_temple_becter,
          mainiacjoe_overflow_alcove_2
D:8:      layout_cave_pools, makhleb_blood_cavern_becter, lair_entry_dummy,
          minmay_shattered_shrine, uniq_harold
Temple:   dpeg_chambers_temple
Lair:1:   layout_cave_pods, nicolae_volcano_entry_batcave,
          portal_ice_cave_entry_pillars_2, ebering_ghost_xom, st_stairs_10,
          infiniplex_staircase_pool, lemuel_fruit_tree, grunt_megastairs_1

Skill      XL: |  1  2  3  4  5  6  7  8  9 10 |
---------------+-------------------------------+-----
Maces & Flails | 3 4 5 6 7 8 |  8.7
Fighting       | 4 5 6 7 9 |  9.2
Armour         | 4 5 |  5.5
Evocations     | 1 6 |  6.5
Dodging        | 2 |  2.5
Shields        | 4 |  4.9
Invocations    | 2 5 |  5.3
Translocations | |  0.2

Action                   |  1- 3 |  4- 6 |  7- 9 | 10-12 || total
-------------------------+-------+-------+-------+-------++-------
Melee: Flail             |    78 |   270 |   379 |   109 ||   836
       Whip              |       |       |       |    54 ||    54
Invok: Bend Time         |       |       |       |     2 ||     2
Evoke: Wand              |       |       |     8 |     4 ||    12
  Use: Potion            |     1 |     3 |     3 |     4 ||    11
       Scroll            |       |     8 |     6 |     5 ||    19
 Stab: Paralysed         |       |       |    20 |     8 ||    28
       Invisible         |       |       |       |     9 ||     9
Armor: Scale mail        |    28 |       |       |       ||    28
       Chain mail        |     8 |   230 |   333 |   111 ||   682
Dodge: Dodged            |    19 |    58 |   140 |    37 ||   254
Block: Kite shield       |    43 |   108 |   244 |    74 ||   469

Table legend: (Time is in decaauts)
 A = Elapsed time spent in this place.
 B = Non-inter-level travel time spent in this place.
 C = Inter-level travel time spent in this place.
 D = Time resting spent in this place.
 E = Time spent auto-exploring this place.
 F = Levels seen in this place.
 G = Mean time per level.
                   A        B        C        D        E       F      G
               +--------+--------+--------+--------+--------+-----+--------+
         Total |  10937 |  10520 |    417 |   3088 |   5364 |  10 | 1093.7 |
       Dungeon |  10657 |  10301 |    356 |   3088 |   5172 |   8 | 1332.1 |
        Temple |    266 |    205 |     61 |      0 |    192 |   1 |  266.0 |
          Lair |     14 |     14 |      0 |      0 |      0 |   1 |   14.0 |
               +--------+--------+--------+--------+--------+-----+--------+

Top non-repeatable levels by time:
     D:4: 2070 daAuts
     D:8: 1542 daAuts
     D:2: 1424 daAuts
     D:7: 1372 daAuts
     D:5: 1287 daAuts
     D:1: 1184 daAuts
     D:3: 942 daAuts
     D:6: 834 daAuts
  Temple: 266 daAuts
  Lair:1: 14 daAuts
